cohdb
Replays
Latest Replays
All Replays
Popular Replays
Top Player Replays
Match Explorer
How It Works
Community
CoH3 Stats
Reddit
Sign in to upload your games and track your stats! →
Sign in with Steam
Match 41853449
Unlisted
Match 41853449
Overview
Messages
Build Orders
End
Royal Engineer Section
Construct Section Command Post
Dingo Light Scout Car
Selects Australian Defense Battlegroup
Selects Australian Light Infantry Section
Australian Light Infantry Section
Infantry Section
Construct Platoon Command Post
Humber Armored Car
Infantry Training
Humber Armored Car
Selects 2-pounder Anti-tank Gun Team
Selects CMP 15cwt Supply Run
Light Vehicle Training
2-pounder Anti-tank Gun Team
Unlock Bishop Self-propelled Artillery
2-pounder Anti-tank Gun Team
Bishop Self-propelled Artillery
Infantry Section
^3
DIV 250 BigBoss
Steyrc
反内卷办公室主任
0
0
Comments
sign in to comment!
No comments posted yet!